TOP OF THE 1ST |
Binghamton Mets batting - Pitching for South Bend Cubs : LHP Jose Carrillo
|
Pitching: LHP Jose Carrillo
|
|
Batting: RHB Jake Hansford
|
0-0: Ball 1-0: Fly out, F8 (Line Drive, 8RD, EV 90.6 MPH)
|
Batting: RHB Steve Dunaway
|
0-0: Ball 1-0: Foul Ball, location: 2F 1-1: Foul Ball, location: 2F 1-2: Ball 2-2: Strikes out swinging
|
Batting: RHB Joe Kooyers
|
0-0: Ground out 6-3 (Groundball, 6MS, EV 78.8 MPH)
|
Top of the 1st over - 0 runs, 0 hits, 0 errors, 0 left on base; Binghamton 0 - South Bend 0 |
BOTTOM OF THE 1ST |
South Bend Cubs batting - Pitching for Binghamton Mets : RHP Wei-hong Qi
|
Pitching: RHP Wei-hong Qi
|
|
Batting: RHB Jason Ostrom
|
0-0: Fly out, F8 (Line Drive, 8RM, EV 93.8 MPH)
|
Batting: LHB Bill Tardiff
|
0-0: Called Strike 0-1: Ball 1-1: Foul Ball, location: 2F 1-2: Foul Ball, location: 2F 1-2: Ball 2-2: Ball 3-2: Base on Balls
|
Batting: RHB Mike Savage
|
0-0: Ball Bill Tardiff steals 2nd base (no throw) 1-0: Foul Ball, location: 2F 1-1: Foul Ball, location: 2F 1-2: Foul Ball, location: 2F 1-2: Ball 2-2: Ball 3-2: Foul Ball, location: 2F 3-2: Foul Ball, location: 2F 3-2: Ground out U3 (Groundball, 34S, EV 91.2 MPH) Bill Tardiff to third
|
Batting: LHB Mike DiNardo
|
0-0: Called Strike 0-1: Foul Ball, location: 2F 0-2: Ball 1-2: Fly out, F6 (Popup, 6S, EV 78.8 MPH)
|
Bottom of the 1st over - 0 runs, 0 hits, 0 errors, 1 left on base; Binghamton 0 - South Bend 0 |
TOP OF THE 2ND |
Binghamton Mets batting - Pitching for South Bend Cubs : LHP Jose Carrillo
|
Batting: RHB Chris Nelson
|
0-0: Ball 1-0: Called Strike 1-1: Ball 2-1: Ball 3-1: Foul Ball, location: 2F 3-2: Base on Balls
|
Batting: RHB Shawn Mathews
|
0-0: Ball 1-0: Fly out, F8 (Flyball, 8LD, EV 105.0 MPH)
|
Batting: RHB Bill Larsen
|
0-0: Ball 1-0: Ball 2-0: Called Strike 2-1: SINGLE (Groundball, 56S, EV 66.9 MPH) (infield hit) Chris Nelson to second
|
Batting: LHB Jose Chavez
|
0-0: Ball 1-0: Ball 2-0: Called Strike 2-1: Ball 3-1: 3-RUN HOME RUN (Flyball, 89XD, EV 110.6 MPH), Distance : 426 ft
|
Batting: RHB Dave Conde
|
0-0: Ball 1-0: Ball 2-0: Called Strike 2-1: Swinging Strike 2-2: Foul Ball, location: 2F 2-2: Foul Ball, location: 2F 2-2: Ball 3-2: Foul Ball, location: 2F 3-2: Base on Balls
|
Pitching: RHP Devin Ward
|
|
Batting: LHB Elmo Dreier
|
0-0: Called Strike Dave Conde steals 2nd base 0-1: Ball 1-1: Swinging Strike 1-2: Ball 2-2: Ground out 4-3 (Groundball, 4, EV 84.4 MPH) Dave Conde to third
|
Batting: RHB Jake Hansford
|
0-0: Ball 1-0: Swinging Strike 1-1: Ball 2-1: Swinging Strike 2-2: Ball 3-2: Strikes out looking
|
Top of the 2nd over - 3 runs, 2 hits, 0 errors, 1 left on base; Binghamton 3 - South Bend 0 |
BOTTOM OF THE 2ND |
South Bend Cubs batting - Pitching for Binghamton Mets : RHP Wei-hong Qi
|
Batting: SHB Benoît Morin
|
0-0: Ball 1-0: Ball 2-0: Ball 3-0: Called Strike 3-1: Base on Balls
|
Batting: LHB Jim Polson
|
0-0: Called Strike Benoît Morin steals 2nd base 0-1: Ball 1-1: Ball 2-1: Called Strike 2-2: Fly out, F9 (Flyball, 89D, EV 78.1 MPH) Runner from 2nd tags up, SAFE at 3rd, no throw by RF
|
Batting: RHB Omar Novoa
|
0-0: Called Strike 0-1: Swinging Strike 0-2: Strikes out swinging
|
Batting: RHB John Madden
|
0-0: Ball 1-0: Called Strike 1-1: Fly out, F7 (Flyball, 7D, EV 96.2 MPH)
|
Bottom of the 2nd over - 0 runs, 0 hits, 0 errors, 1 left on base; Binghamton 3 - South Bend 0 |
TOP OF THE 3RD |
Binghamton Mets batting - Pitching for South Bend Cubs : RHP Devin Ward
|
Batting: RHB Steve Dunaway
|
0-0: Ball 1-0: Ball 2-0: Ball 3-0: Called Strike 3-1: Fly out, F9 (Flyball, 89M, EV 87.5 MPH)
|
Batting: RHB Joe Kooyers
|
0-0: Called Strike 0-1: Foul Ball, location: 2F 0-2: Ball 1-2: Ball 2-2: Strikes out looking
|
Pitching: RHP Jason Scott
|
|
Batting: RHB Chris Nelson
|
0-0: SOLO HOME RUN (Flyball, 78XD, EV 105.6 MPH), Distance : 427 ft
|
Batting: RHB Shawn Mathews
|
0-0: Ball 1-0: Ball 2-0: SINGLE (Groundball, 34D, EV 98.1 MPH)
|
Batting: RHB Bill Larsen
|
0-0: Called Strike 0-1: Ball 1-1: Fielders Choice at 2nd, 6-4 (Groundball, 56, EV 99.4 MPH)
|
Top of the 3rd over - 1 run, 2 hits, 0 errors, 1 left on base; Binghamton 4 - South Bend 0 |
BOTTOM OF THE 3RD |
South Bend Cubs batting - Pitching for Binghamton Mets : RHP Wei-hong Qi
|
Batting: SHB Alvaro Andrade
|
0-0: Called Strike 0-1: Ball 1-1: Ground out 6-3 (Groundball, 6, EV 81.9 MPH)
|
Batting: RHB Jason Ostrom
|
0-0: Foul Ball, location: 2F 0-1: Foul Ball, location: 2F 0-2: Foul Ball, location: 2F 0-2: DOUBLE (Line Drive, 8RXD, EV 103.8 MPH)
|
Batting: LHB Bill Tardiff
|
0-0: Called Strike Jason Ostrom steals 3rd base 0-1: Ball 1-1: SINGLE (Groundball, 6MD, EV 100.0 MPH) Jason Ostrom scores
|
Batting: RHB Mike Savage
|
0-0: Called Strike 0-1: Ball Bill Tardiff is caught stealing 2nd base 2-4 1-1: Foul Ball, location: 2F 1-2: Ball 2-2: Foul Ball, location: 2F 2-2: Fly out, F3 (Popup, 3F, EV 78.8 MPH)
|
Bottom of the 3rd over - 1 run, 2 hits, 0 errors, 0 left on base; Binghamton 4 - South Bend 1 |
TOP OF THE 4TH |
Binghamton Mets batting - Pitching for South Bend Cubs : RHP Jason Scott
|
Batting: LHB Jose Chavez
|
0-0: Called Strike 0-1: Ball 1-1: Called Strike 1-2: Ball 2-2: Foul Ball, location: 2F 2-2: Ball 3-2: Base on Balls
|
Batting: RHB Dave Conde
|
0-0: Called Strike 0-1: Ball Jose Chavez steals 2nd base (no throw) 1-1: Ball 2-1: Swinging Strike 2-2: Ground out 3-1 (Groundball, 34, EV 96.2 MPH) Jose Chavez to third
|
Pitching: RHP Jean-Paul Lefebvre
|
|
Batting: LHB Elmo Dreier
|
0-0: Ball 1-0: Ball 2-0: Called Strike 2-1: Called Strike 2-2: SINGLE (Groundball, 34D, EV 102.5 MPH) (infield hit) Jose Chavez scores
|
Batting: RHB Jake Hansford
|
0-0: Ball 1-0: Swinging Strike 1-1: Ball 2-1: Foul Ball, location: 2F 2-2: Foul Ball, location: 2F 2-2: Foul Ball, location: 2F 2-2: Strikes out swinging
|
Batting: RHB Steve Dunaway
|
0-0: Called Strike 0-1: Ball 1-1: 2-RUN HOME RUN (Line Drive, 7D, EV 105.6 MPH), Distance : 413 ft
|
Batting: RHB Joe Kooyers
|
0-0: Called Strike 0-1: SINGLE (Flyball, 4D, EV 86.2 MPH)
|
Batting: RHB Chris Nelson
|
0-0: Called Strike 0-1: Ball 1-1: Ball 2-1: Ball 3-1: Base on Balls Joe Kooyers to second
|
Pitching: RHP Josh Deyo
|
|
Batting: RHB Shawn Mathews
|
0-0: Called Strike 0-1: 3-RUN HOME RUN (Flyball, 9LD, EV 93.8 MPH), Distance : 349 ft
|
Batting: RHB Bill Larsen
|
0-0: Ball 1-0: Ball 2-0: Called Strike 2-1: Foul Ball, location: 2F 2-2: Foul Ball, location: 2F 2-2: Ball 3-2: Foul Ball, location: 2F 3-2: Base on Balls
|
Batting: LHB Jose Chavez
|
0-0: Called Strike 0-1: Ball 1-1: Ball 2-1: Swinging Strike 2-2: Foul Ball, location: 2F 2-2: Ball 3-2: Base on Balls Bill Larsen to second
|
Batting: RHB Dave Conde
|
0-0: Swinging Strike 0-1: Fielders Choice at 2nd, U6 (Groundball, 6M, EV 96.2 MPH)
|
Top of the 4th over - 6 runs, 4 hits, 0 errors, 2 left on base; Binghamton 10 - South Bend 1 |
BOTTOM OF THE 4TH |
South Bend Cubs batting - Pitching for Binghamton Mets : RHP Wei-hong Qi
|
Batting: LHB Mike DiNardo
|
0-0: Ball 1-0: Called Strike 1-1: Ball 2-1: Ball 3-1: Ground out 4-3 (Groundball, 34, EV 100.0 MPH)
|
Batting: SHB Benoît Morin
|
0-0: Ball 1-0: SINGLE (Groundball, 34D, EV 104.4 MPH)
|
Batting: LHB Jim Polson
|
0-0: Ball Benoît Morin steals 2nd base 1-0: Ball 2-0: Ball 3-0: Base on Balls
|
Batting: RHB Omar Novoa
|
0-0: SINGLE (Groundball, 4M, EV 86.9 MPH) (infield hit) Benoît Morin to third Jim Polson to second
|
Batting: RHB John Madden
|
0-0: Foul Ball, location: 2F 0-1: Ball 1-1: Ball 2-1: Fly out, F5 (Popup, 25F, EV 88.8 MPH)
|
Batting: SHB Alvaro Andrade
|
0-0: Called Strike 0-1: Fly out, F7 (Line Drive, 7, EV 102.5 MPH)
|
Bottom of the 4th over - 0 runs, 2 hits, 0 errors, 3 left on base; Binghamton 10 - South Bend 1 |
TOP OF THE 5TH |
Binghamton Mets batting - Pitching for South Bend Cubs : RHP Josh Deyo
|
Pitching: RHP Eric Allen
|
|
Batting: LHB Elmo Dreier
|
0-0: Ground out 6-3 (Groundball, P, EV 79.4 MPH)
|
Batting: RHB Jake Hansford
|
0-0: Called Strike 0-1: Swinging Strike 0-2: Strikes out swinging
|
Batting: RHB Steve Dunaway
|
0-0: Ball 1-0: Foul Ball, location: 2F 1-1: Ball 2-1: SINGLE (Groundball, 5S, EV 71.2 MPH) (infield hit)
|
Batting: RHB Joe Kooyers
|
0-0: Ball 1-0: Called Strike 1-1: Ball 2-1: Ball 3-1: Base on Balls Steve Dunaway to second
|
Batting: RHB Chris Nelson
|
0-0: Ball 1-0: Ball 2-0: SINGLE (Groundball, 6MD, EV 102.5 MPH) Steve Dunaway to third Joe Kooyers to second Runner from 3rd tries for Home, throw by CF and OUT! 8-2
|
Top of the 5th over - 0 runs, 2 hits, 0 errors, 2 left on base; Binghamton 10 - South Bend 1 |
BOTTOM OF THE 5TH |
South Bend Cubs batting - Pitching for Binghamton Mets : RHP Wei-hong Qi
|
Batting: RHB Jason Ostrom
|
0-0: Foul Ball, location: 2F 0-1: Foul Ball, location: 2F 0-2: Foul Ball, location: 2F 0-2: Ball 1-2: Foul Ball, location: 2F 1-2: Foul Ball, location: 2F 1-2: SINGLE (Line Drive, 56D, EV 98.8 MPH)
|
Batting: LHB Bill Tardiff
|
0-0: Ball Jason Ostrom steals 2nd base 1-0: Fly out, F5 (Popup, 56S, EV 86.9 MPH)
|
Pitching: LHP David Mars
|
|
Batting: RHB Mike Savage
|
0-0: Called Strike 0-1: Called Strike Jason Ostrom steals 3rd base 0-2: Reached on error, E8 (Flyball, 89D, EV 101.9 MPH) Jason Ostrom scores
|
Batting: LHB Mike DiNardo
|
0-0: Ball 1-0: Fielders Choice at 2nd, 4-6 (Groundball, 34, EV 106.2 MPH)
|
Batting: SHB Benoît Morin
|
0-0: Ball 1-0: Called Strike 1-1: Ball 2-1: Ball 3-1: Fly out, F9 (Flyball, 9LM, EV 93.1 MPH)
|
Bottom of the 5th over - 1 run, 1 hit, 1 error, 1 left on base; Binghamton 10 - South Bend 2 |
TOP OF THE 6TH |
Binghamton Mets batting - Pitching for South Bend Cubs : RHP Eric Allen
|
Batting: RHB Shawn Mathews
|
0-0: DOUBLE (Line Drive, 8RXD, EV 110.0 MPH)
|
Batting: RHB Bill Larsen
|
0-0: Swinging Strike 0-1: Ball 1-1: Foul Ball, location: 2F 1-2: Foul Ball, location: 2F 1-2: Ball 2-2: Ball 3-2: Base on Balls
|
Pitching: LHP Nate George
|
|
Batting: LHB Jose Chavez
|
0-0: Ball 1-0: Called Strike 1-1: Ball 2-1: DOUBLE (Line Drive, 7LD, EV 104.4 MPH) Shawn Mathews scores Bill Larsen to third Runner from 3rd tries for Home, SAFE, throw by LF to trailing runner, SAFE at third!
|
Batting: RHB Dave Conde
|
0-0: Ball 1-0: DOUBLE (Line Drive, 3D, EV 100.6 MPH) Jose Chavez scores
|
Batting: LHB Elmo Dreier
|
0-0: Called Strike 0-1: Ground out 5-3 (Groundball, 56, EV 80.6 MPH)
|
Batting: RHB Jake Hansford
|
0-0: Ball 1-0: Foul Ball, location: 2F 1-1: Foul Ball, location: 2F 1-2: Ball 2-2: Fly out, F7 (Flyball, 7S, EV 86.2 MPH)
|
Batting: RHB Steve Dunaway
|
0-0: Ground out 4-3 (Groundball, 4S, EV 70.0 MPH)
|
Top of the 6th over - 3 runs, 3 hits, 0 errors, 1 left on base; Binghamton 13 - South Bend 2 |
BOTTOM OF THE 6TH |
South Bend Cubs batting - Pitching for Binghamton Mets : LHP David Mars
|
Batting: LHB Jim Polson
|
0-0: Ball 1-0: Called Strike 1-1: Called Strike 1-2: Foul Ball, location: 2F 1-2: Strikes out swinging
|
Batting: RHB Omar Novoa
|
0-0: Ball 1-0: TRIPLE (Line Drive, 9D, EV 110.6 MPH)
|
Batting: RHB John Madden
|
0-0: Ball 1-0: Ball 2-0: Called Strike 2-1: Foul Ball, location: 2F 2-2: Fly out, F6 (Flyball, 5D, EV 75.0 MPH)
|
Batting: SHB Alvaro Andrade
|
0-0: Swinging Strike 0-1: Foul Ball, location: 2F 0-2: Ball 1-2: Ball 2-2: Ball 3-2: Strikes out looking
|
Bottom of the 6th over - 0 runs, 1 hit, 0 errors, 1 left on base; Binghamton 13 - South Bend 2 |
TOP OF THE 7TH |
Binghamton Mets batting - Pitching for South Bend Cubs : LHP Nate George
|
Batting: RHB Joe Kooyers
|
0-0: SINGLE (Line Drive, 9S, EV 101.9 MPH)
|
Batting: RHB Chris Nelson
|
0-0: Fly out, F8 (Flyball, 8RD, EV 88.1 MPH)
|
Batting: RHB Shawn Mathews
|
0-0: Called Strike 0-1: Foul Ball, location: 2F 0-2: Ball 1-2: Ball 2-2: Foul Ball, location: 2F 2-2: Foul Ball, location: 2F 2-2: Foul Ball, location: 2F 2-2: Ball 3-2: Ground out 6-3 (Groundball, 6S, EV 70.6 MPH) Joe Kooyers to second
|
Pitching: LHP Shuan-yan Wu
|
|
Batting: RHB Bill Larsen
|
0-0: Called Strike 0-1: Ball 1-1: Fly out, F8 (Line Drive, 8RD, EV 102.5 MPH)
|
Top of the 7th over - 0 runs, 1 hit, 0 errors, 1 left on base; Binghamton 13 - South Bend 2 |
BOTTOM OF THE 7TH |
South Bend Cubs batting - Pitching for Binghamton Mets : LHP David Mars
|
Pitching: RHP Francis Cornick
|
|
Batting: RHB Jason Ostrom
|
0-0: Ball 1-0: Ball 2-0: Ground out 5-3 (Groundball, 56, EV 78.8 MPH)
|
Batting: LHB Bill Tardiff
|
0-0: Ball 1-0: Swinging Strike 1-1: Fly out, F7 (Line Drive, 7D, EV 91.9 MPH)
|
Batting: RHB Mike Savage
|
0-0: SINGLE (Line Drive, 89S, EV 88.1 MPH)
|
Batting: LHB Mike DiNardo
|
0-0: Ball Mike Savage steals 2nd base (no throw) 1-0: Ball 2-0: Foul Ball, location: 2F 2-1: Ball 3-1: Base on Balls
|
Batting: SHB Benoît Morin
|
0-0: Ball 1-0: Ground out 5-3 (Groundball, 56S, EV 91.2 MPH)
|
Bottom of the 7th over - 0 runs, 1 hit, 0 errors, 2 left on base; Binghamton 13 - South Bend 2 |
TOP OF THE 8TH |
Binghamton Mets batting - Pitching for South Bend Cubs : LHP Shuan-yan Wu
|
Batting: LHB Jose Chavez
|
0-0: Ball 1-0: Fly out, F8 (Line Drive, 8RM, EV 103.8 MPH)
|
Batting: RHB Dave Conde
|
0-0: Ball 1-0: Ball 2-0: Ball 3-0: Base on Balls
|
Pinch Hitting: LHB Tom Prayer
|
0-0: Called Strike 0-1: Ball 1-1: Grounds into double play, 4-6-3 (Groundball, 34, EV 83.1 MPH)
|
Top of the 8th over - 0 runs, 0 hits, 0 errors, 0 left on base; Binghamton 13 - South Bend 2 |
BOTTOM OF THE 8TH |
South Bend Cubs batting - Pitching for Binghamton Mets : RHP Francis Cornick
|
Now at SS: Tom Prayer
|
|
Batting: LHB Jim Polson
|
0-0: Ball 1-0: Ground out 5-3 (Groundball, 56, EV 96.9 MPH)
|
Batting: RHB Omar Novoa
|
0-0: Fly out, F9 (Line Drive, 9D, EV 94.4 MPH)
|
Batting: RHB John Madden
|
0-0: Ball 1-0: Swinging Strike 1-1: Called Strike 1-2: Strikes out swinging
|
Bottom of the 8th over - 0 runs, 0 hits, 0 errors, 0 left on base; Binghamton 13 - South Bend 2 |
TOP OF THE 9TH |
Binghamton Mets batting - Pitching for South Bend Cubs : LHP Shuan-yan Wu
|
Batting: RHB Jake Hansford
|
0-0: Ball 1-0: Ground out 6-3 (Groundball, 6, EV 78.1 MPH)
|
Batting: RHB Steve Dunaway
|
0-0: Called Strike 0-1: Ball 1-1: Ball 2-1: Ball 3-1: Foul Ball, location: 2F 3-2: Ground out U3 (Groundball, 34, EV 91.9 MPH)
|
Batting: RHB Joe Kooyers
|
0-0: Foul Ball, location: 2F 0-1: SINGLE (Groundball, 4MD, EV 95.0 MPH)
|
Batting: RHB Chris Nelson
|
0-0: Called Strike 0-1: Ball 1-1: Foul Ball, location: 2F 1-2: Fly out, F9 (Flyball, 89S, EV 83.1 MPH)
|
Top of the 9th over - 0 runs, 1 hit, 0 errors, 1 left on base; Binghamton 13 - South Bend 2 |
BOTTOM OF THE 9TH |
South Bend Cubs batting - Pitching for Binghamton Mets : RHP Francis Cornick
|
Batting: SHB Alvaro Andrade
|
0-0: Ball 1-0: Foul Ball, location: 2F 1-1: Ball 2-1: Ball 3-1: Ground out 4-3 (Groundball, 4, EV 96.9 MPH)
|
Batting: RHB Jason Ostrom
|
0-0: Ball 1-0: Ball 2-0: Ground out 2-3 (Groundball, 2R, EV 72.5 MPH)
|
Batting: LHB Bill Tardiff
|
0-0: Ball 1-0: Called Strike 1-1: Ground out 1-3 (Groundball, 15S, EV 69.4 MPH)
|
Bottom of the 9th over - 0 runs, 0 hits, 0 errors, 0 left on base; Binghamton 13 - South Bend 2 |
|